[ AOE2 MATCH · #506549901 ]
UnrankedLithuanians vs Hindustanis
Player's team · LOSS
[ REPLAY ANALYSIS · EXTRACTED FROM THE RECORDED GAME ]
Feudal
9:21
Castle
26:25
Imperial
47:08
| APM avg | 23.7 |
| APM peak | 58 |
| eAPM avg | 13.2 |
| Villagers / military | 109 / 97 |
Focus
⚔️ 33.4% · 🌾 66.6%
Knight ×51 · Archer ×23 · Militia ×6 · Monk ×4 · Trebuchet (Packed) ×4 · Leitis ×3
Feudal
9:21
Castle
26:12
Imperial
45:35
| APM avg | 70.6 |
| APM peak | 202 |
| eAPM avg | 33.9 |
| Villagers / military | 197 / 174 |
Focus
⚔️ 43.9% · 🌾 56.1%
Camel Scout ×80 · Ghulam ×75 · Mangonel ×8 · Scout Cavalry ×7 · Scorpion ×2 · Trebuchet (Packed) ×2
Match map
Initial resources + every placement click. Lines = walls · curves = elevation contours. ◆ gold · ⬟ stone · ● berries · ✦ relic · ◌ wall gap
Your base· Open — unwalled flank
(COLG) LORD PETROVSKY's base· Open — unwalled flank
Smoothed initial terrain · ◌ = detected wall gap · hover for details
Inputs per minute
— Kinait - - (COLG) LORD PETROVSKY
Build order — Kinait
First 150 of 405 actions detected
| 0:01 | Queue | Villager (Male) |
| 0:01 | Queue | Villager (Male) |
| 0:01 | Queue | Villager (Male) |
| 0:02 | Build | House |
| 0:04 | Build | House |
| 0:06 | Queue | Villager (Male) |
| 0:07 | Queue | Villager (Male) |
| 0:11 | Queue | Villager (Male) |
| 1:28 | Queue | Villager (Male) |
| 1:57 | Build | Lumber Camp |
| 1:59 | Queue | Villager (Male) |
| 2:14 | Queue | Villager (Male) |
| 2:44 | Build | House |
| 2:47 | Queue | Villager (Male) |
| 3:01 | Queue | Villager (Male) |
| 3:33 | Queue | Villager (Male) |
| 3:53 | Queue | Villager (Male) |
| 3:59 | Build | Mill |
| 4:28 | Queue | Villager (Male) |
| 5:18 | Queue | Villager (Male) |
| 5:28 | Queue | Villager (Male) |
| 5:47 | Queue | Villager (Male) |
| 6:22 | Build | Barracks |
| 6:25 | Research | Loom |
| 6:43 | Build | House |
| 7:11 | Research | Feudal Age |
| 7:11 | Research | Feudal Age |
| 7:15 | Queue | Militia |
| 7:36 | Build | Mining Camp |
| 7:53 | Queue | Militia |
| 8:17 | Queue | Militia |
| 8:39 | Build | Palisade Wall |
| 8:44 | Build | Palisade Wall |
| 8:46 | Build | Palisade Wall |
| 8:52 | Queue | Militia |
| 9:21 | Age | Feudal Age |
| 9:27 | Queue | Villager (Male) |
| 9:30 | Queue | Militia |
| 9:47 | Queue | Militia |
| 10:01 | Queue | Villager (Male) |
| 10:16 | Research | Man-at-Arms (upgrade) |
| 10:22 | Build | House |
| 10:24 | Queue | Villager (Male) |
| 10:38 | Build | Watch Tower |
| 10:43 | Queue | Villager (Male) |
| 11:06 | Build | House |
| 11:08 | Queue | Villager (Male) |
| 11:25 | Build | Blacksmith |
| 11:28 | Queue | Villager (Male) |
| 11:44 | Queue | Villager (Male) |
| 12:09 | Build | Mining Camp |
| 12:16 | Build | Farm |
| 12:18 | Queue | Villager (Male) |
| 12:41 | Build | Farm |
| 12:52 | Queue | Villager (Male) |
| 12:57 | Build | House |
| 13:08 | Queue | Villager (Male) |
| 13:23 | Build | Watch Tower |
| 13:28 | Queue | Villager (Male) |
| 13:47 | Build | Palisade Wall |
| 13:55 | Queue | Villager (Male) |
| 14:20 | Build | Farm |
| 14:30 | Queue | Villager (Male) |
| 14:37 | Build | Watch Tower |
| 14:45 | Research | Fletching |
| 14:52 | Build | Palisade Wall |
| 14:54 | Build | Palisade Wall |
| 14:56 | Queue | Villager (Male) |
| 14:58 | Build | Farm |
| 15:30 | Queue | Villager (Male) |
| 15:39 | Build | Farm |
| 15:40 | Build | Farm |
| 16:10 | Queue | Villager (Male) |
| 16:30 | Build | Archery Range |
| 16:31 | Queue | Villager (Male) |
| 16:53 | Queue | Villager (Male) |
| 16:56 | Build | Farm |
| 17:11 | Build | Palisade Wall |
| 17:24 | Queue | Villager (Male) |
| 17:26 | Queue | Archer |
| 17:33 | Build | Farm |
| 17:37 | Build | House |
| 17:39 | Build | House |
| 17:51 | Build | Watch Tower |
| 17:54 | Queue | Archer |
| 17:55 | Queue | Villager (Male) |
| 18:07 | Build | Archery Range |
| 18:19 | Build | Farm |
| 18:21 | Build | Farm |
| 18:27 | Queue | Villager (Male) |
| 18:36 | Build | Lumber Camp |
| 19:07 | Build | Watch Tower |
| 19:10 | Queue | Archer |
| 19:10 | Queue | Archer |
| 19:15 | Queue | Villager (Male) |
| 19:25 | Queue | Villager (Male) |
| 19:31 | Queue | Archer |
| 19:41 | Build | Palisade Wall |
| 19:43 | Build | Palisade Wall |
| 19:45 | Build | Palisade Wall |
| 19:54 | Queue | Villager (Male) |
| 19:57 | Build | House |
| 20:03 | Queue | Archer |
| 20:10 | Queue | Archer |
| 20:14 | Build | House |
| 20:25 | Build | Watch Tower |
| 20:34 | Queue | Archer |
| 21:00 | Build | Watch Tower |
| 21:03 | Queue | Villager (Male) |
| 21:07 | Build | Farm |
| 21:14 | Build | House |
| 21:24 | Queue | Archer |
| 21:41 | Build | Palisade Wall |
| 22:00 | Queue | Villager (Male) |
| 22:13 | Build | House |
| 22:16 | Queue | Villager (Male) |
| 22:24 | Build | Market |
| 22:30 | Queue | Archer |
| 22:31 | Queue | Archer |
| 22:46 | Build | House |
| 22:47 | Build | House |
| 22:50 | Queue | Archer |
| 22:51 | Queue | Archer |
| 23:10 | Queue | Archer |
| 23:10 | Queue | Archer |
| 23:11 | Queue | Villager (Male) |
| 23:15 | Build | House |
| 23:17 | Build | Palisade Wall |
| 23:33 | Queue | Archer |
| 23:33 | Queue | Archer |
| 23:45 | Research | Castle Age |
| 23:47 | Build | House |
| 23:57 | Build | Palisade Wall |
| 24:00 | Build | Palisade Wall |
| 24:18 | Build | Watch Tower |
| 24:31 | Build | Palisade Wall |
| 24:32 | Build | Palisade Wall |
| 24:44 | Queue | Archer |
| 24:44 | Queue | Archer |
| 25:03 | Build | Lumber Camp |
| 25:05 | Build | Palisade Wall |
| 25:08 | Research | Double-Bit Axe |
| 25:13 | Research | Horse Collar |
| 25:15 | Research | Gold Mining |
| 25:18 | Build | House |
| 25:29 | Queue | Archer |
| 25:30 | Queue | Archer |
| 25:32 | Queue | Villager (Male) |
| 26:25 | Age | Castle Age |
| 26:28 | Queue | Villager (Male) |
Build order — (COLG) LORD PETROVSKY
First 150 of 557 actions detected
| 0:02 | Queue | Villager (Male) |
| 0:02 | Queue | Villager (Male) |
| 0:02 | Queue | Villager (Male) |
| 0:02 | Queue | Villager (Male) |
| 0:04 | Build | House |
| 0:06 | Build | House |
| 1:12 | Queue | Villager (Male) |
| 1:13 | Queue | Villager (Male) |
| 1:30 | Queue | Villager (Male) |
| 2:03 | Queue | Villager (Male) |
| 2:03 | Queue | Villager (Male) |
| 2:04 | Queue | Villager (Male) |
| 2:07 | Build | House |
| 2:11 | Build | House |
| 2:17 | Queue | Villager (Male) |
| 2:17 | Queue | Villager (Male) |
| 3:05 | Queue | Villager (Male) |
| 3:19 | Queue | Villager (Male) |
| 3:26 | Build | House |
| 3:55 | Build | House |
| 4:04 | Build | Lumber Camp |
| 4:12 | Queue | Villager (Male) |
| 4:12 | Queue | Villager (Male) |
| 4:12 | Queue | Villager (Male) |
| 4:53 | Build | House |
| 5:06 | Queue | Villager (Male) |
| 5:07 | Queue | Villager (Male) |
| 5:07 | Queue | Villager (Male) |
| 5:07 | Queue | Villager (Male) |
| 5:32 | Research | Loom |
| 5:38 | Queue | Villager (Male) |
| 5:42 | Queue | Villager (Male) |
| 5:42 | Queue | Villager (Male) |
| 6:09 | Build | Mill |
| 6:13 | Build | House |
| 7:10 | Research | Feudal Age |
| 7:10 | Research | Feudal Age |
| 8:03 | Build | Barracks |
| 8:51 | Queue | Villager (Male) |
| 9:03 | Build | House |
| 9:21 | Age | Feudal Age |
| 9:28 | Build | Stable |
| 9:34 | Research | Double-Bit Axe |
| 9:43 | Queue | Villager (Male) |
| 10:05 | Queue | Villager (Male) |
| 10:09 | Build | Farm |
| 10:26 | Queue | Scout Cavalry |
| 10:26 | Queue | Scout Cavalry |
| 10:26 | Queue | Scout Cavalry |
| 10:27 | Queue | Villager (Male) |
| 10:30 | Queue | Villager (Male) |
| 10:41 | Build | Market |
| 10:49 | Queue | Villager (Male) |
| 10:56 | Build | House |
| 11:09 | Build | House |
| 11:27 | Queue | Villager (Male) |
| 11:40 | Build | Watch Tower |
| 11:48 | Queue | Villager (Male) |
| 12:00 | Queue | Villager (Male) |
| 12:04 | Queue | Villager (Male) |
| 12:34 | Queue | Villager (Male) |
| 12:39 | Queue | Villager (Male) |
| 12:42 | Build | Watch Tower |
| 12:43 | Queue | Villager (Male) |
| 12:55 | Build | House |
| 12:59 | Build | House |
| 13:01 | Build | House |
| 13:15 | Build | Farm |
| 13:28 | Build | Farm |
| 13:30 | Queue | Villager (Male) |
| 13:51 | Build | Farm |
| 14:04 | Build | Farm |
| 14:05 | Queue | Villager (Male) |
| 14:20 | Queue | Scout Cavalry |
| 14:20 | Queue | Scout Cavalry |
| 14:21 | Queue | Scout Cavalry |
| 14:40 | Queue | Villager (Male) |
| 14:53 | Build | Mining Camp |
| 14:53 | Queue | Villager (Male) |
| 14:54 | Queue | Villager (Male) |
| 15:32 | Queue | Villager (Male) |
| 15:38 | Build | Watch Tower |
| 16:12 | Queue | Villager (Male) |
| 16:26 | Queue | Villager (Male) |
| 16:31 | Build | Mining Camp |
| 16:31 | Queue | Villager (Male) |
| 16:38 | Build | Farm |
| 16:41 | Queue | Villager (Male) |
| 16:42 | Queue | Villager (Male) |
| 16:46 | Build | Farm |
| 16:48 | Build | Farm |
| 16:56 | Build | Farm |
| 16:56 | Queue | Villager (Male) |
| 17:06 | Build | Blacksmith |
| 17:17 | Queue | Villager (Male) |
| 17:17 | Queue | Villager (Male) |
| 17:21 | Build | House |
| 17:23 | Build | House |
| 17:36 | Build | House |
| 17:38 | Build | House |
| 17:39 | Queue | Villager (Male) |
| 17:52 | Research | Fletching |
| 17:52 | Queue | Villager (Male) |
| 17:53 | Queue | Villager (Male) |
| 17:53 | Queue | Villager (Male) |
| 18:41 | Queue | Villager (Male) |
| 18:46 | Research | Town Watch |
| 18:52 | Build | Farm |
| 18:54 | Build | Farm |
| 18:59 | Build | Farm |
| 19:09 | Build | Watch Tower |
| 19:11 | Queue | Villager (Male) |
| 20:25 | Build | Watch Tower |
| 20:44 | Queue | Villager (Male) |
| 21:22 | Queue | Villager (Male) |
| 21:25 | Build | Farm |
| 21:25 | Build | Farm |
| 21:26 | Build | Farm |
| 21:26 | Build | Farm |
| 21:26 | Build | Farm |
| 21:27 | Build | Farm |
| 21:27 | Build | Farm |
| 21:27 | Queue | Villager (Male) |
| 22:04 | Queue | Villager (Male) |
| 22:37 | Build | Mining Camp |
| 23:07 | Queue | Villager (Male) |
| 23:14 | Research | Castle Age |
| 23:15 | Research | Castle Age |
| 23:17 | Queue | Villager (Male) |
| 24:02 | Queue | Villager (Male) |
| 24:10 | Build | Stable |
| 26:12 | Age | Castle Age |
| 26:19 | Build | Siege Workshop |
| 26:22 | Queue | Camel Scout |
| 26:22 | Queue | Camel Scout |
| 26:22 | Queue | Camel Scout |
| 26:23 | Queue | Camel Scout |
| 26:23 | Queue | Camel Scout |
| 26:23 | Queue | Camel Scout |
| 26:23 | Queue | Camel Scout |
| 26:24 | Queue | Camel Scout |
| 26:24 | Queue | Villager (Male) |
| 26:27 | Queue | Villager (Male) |
| 26:42 | Build | Siege Workshop |
| 26:43 | Queue | Villager (Male) |
| 26:58 | Queue | Villager (Male) |
| 27:02 | Queue | Scorpion |
| 27:03 | Queue | Scorpion |
| 27:53 | Queue | Mangonel |
| 27:53 | Queue | Mangonel |
Match timeline
| 6:22 | Kinait · first_building Barracks |
| 8:03 | (COLG) LORD PETROVSKY · first_building Barracks |
| 8:39 | Kinait · wall_segment Palisade Wall x1 |
| 8:44 | Kinait · wall_segment Palisade Wall x1 |
| 8:46 | Kinait · wall_segment Palisade Wall x1 |
| 9:21 | Kinait · age_up feudal |
| 9:21 | (COLG) LORD PETROVSKY · age_up feudal |
| 9:28 | (COLG) LORD PETROVSKY · first_building Stable |
| 12:37 | (COLG) LORD PETROVSKY · first_market_sell 100 wood |
| 12:38 | (COLG) LORD PETROVSKY · first_market_buy 100 stone |
| 13:47 | Kinait · wall_segment Palisade Wall x1 |
| 14:52 | Kinait · wall_segment Palisade Wall x3 |
| 14:54 | Kinait · wall_segment Palisade Wall x3 |
| 16:30 | Kinait · first_building Archery Range |
| 17:11 | Kinait · wall_segment Palisade Wall x2 |
| 19:41 | Kinait · wall_segment Palisade Wall x1 |
| 19:43 | Kinait · wall_segment Palisade Wall x1 |
| 19:45 | Kinait · wall_segment Palisade Wall x1 |
| 21:41 | Kinait · wall_segment Palisade Wall x1 |
| 23:17 | Kinait · wall_segment Palisade Wall x1 |
| 23:40 | Kinait · first_market_buy 100 food |
| 23:42 | Kinait · first_market_sell 100 wood |
| 23:57 | Kinait · wall_segment Palisade Wall x13 |
| 24:00 | Kinait · wall_segment Palisade Wall x1 |
| 24:31 | Kinait · wall_segment Palisade Wall x4 |
| 24:32 | Kinait · wall_segment Palisade Wall x3 |
| 25:05 | Kinait · wall_segment Palisade Wall x1 |
| 26:12 | (COLG) LORD PETROVSKY · age_up castle |
| 26:19 | (COLG) LORD PETROVSKY · first_building Siege Workshop |
| 26:25 | Kinait · age_up castle |
| 27:06 | Kinait · first_building Monastery |
| 27:15 | Kinait · wall_segment Palisade Wall x4 |
| 27:35 | Kinait · first_building Stable |
| 28:01 | Kinait · wall_segment Palisade Wall x13 |
| 28:42 | Kinait · first_building Siege Workshop |
| 29:19 | Kinait · wall_segment Palisade Wall x13 |
| 30:06 | (COLG) LORD PETROVSKY · first_building Castle |
| 35:18 | Kinait · wall_segment Stone Wall x13 |
| 35:43 | Kinait · wall_segment Palisade Wall x1 |
| 35:56 | Kinait · wall_segment Palisade Wall x1 |
| 36:56 | Kinait · wall_segment Stone Wall x8 |
| 39:50 | Kinait · wall_segment Stone Wall x11 |
| 41:43 | Kinait · wall_segment Stone Wall x2 |
| 44:06 | Kinait · first_building Castle |
| 44:39 | Kinait · wall_segment Stone Wall x4 |
| 45:35 | (COLG) LORD PETROVSKY · age_up imperial |
| 46:04 | Kinait · wall_segment Stone Wall x8 |
| 47:08 | Kinait · age_up imperial |
| 51:41 | (COLG) LORD PETROVSKY · wall_segment Stone Wall x14 |
| 53:09 | Kinait · wall_segment Stone Wall x7 |
[ AI ANALYSIS · 1 CREDIT ]
What really happened in this match?
Wolo.gg analyzes every decision: build order, eco, micro, common mistakes by bracket. Personalized analysis on WhatsApp or Discord in 30 seconds.
Civ guide
Lithuanians
Perfil
Kinait